cohdb
Replays
Latest Replays
All Replays
Popular Replays
Top Player Replays
Match Explorer
How It Works
Community
CoH3 Stats
Reddit
Sign in to upload your games and track your stats! →
Sign in with Steam
Match 42022637
Unlisted
Match 42022637
Overview
Messages
Build Orders
End
Construct Barracks
Riflemen Squad
Riflemen Squad
Construct Weapon Support Center
Bazooka Squad
M1919 Machine Gun Team
Selects Heavy Weapons
Selects M2HB .50cal Heavy Machine Gun
Air Support Center
Construct Medical Station
M1919 Machine Gun Team
Grasshopper Recon Run
P-47 Dive Bomb
Scout Squad
Scout Squad
Scout Squad
Scout Squad
Scout Squad
Selects Rapid Reposition
Scout Squad
Grasshopper Recon Run
P-47 Strafing Run
Scout Squad
Scout Squad
Scout Squad
Scout Squad
P-47 Strafing Run
Grasshopper Recon Run
Scout Squad
Scout Squad
Scout Squad
Selects Bolstered Team Weapons
Scout Squad
Scout Squad
Scout Squad
Grasshopper Recon Run
Scout Squad
Selects Assault Carriers
Scout Squad
Advanced Air Reconnaissance
Scout Squad
Grasshopper High-Altitude Recon Run
-=48th*SmileMan=-
Marzipan
Nukepapa
유유
0
0
Comments
sign in to comment!
No comments posted yet!